 Dungeon Crawl Stone Soup version 0.28.0-53-g5a82cb258f (webtiles) character file.

Game seed: 10682009643807661485

156 Peloso the Skirmisher (level 5, 0/47 HPs)
             Began as a Minotaur Fighter on June 23, 2022.
             Succumbed to Duvessa's poison
             ... on level 4 of the Dungeon.
             The game lasted 00:02:28 (1187 turns).

Peloso the Skirmisher (Minotaur Fighter)            Turns: 1187, Time: 00:02:29

Health: 0/47       AC: 12    Str: 21    XL:     5   Next: 15%
Magic:  4/4        EV:  7    Int:  5    God:
Gold:   57         SH:  4    Dex: 11    Spells: 4/4 levels left

rFire   . . .      SeeInvis .   a - +0 long sword
rCold   . . .      Faith    .   c - +0 buckler
rNeg    . . .      Spirit   .   l - +0 chain mail
rPois   .          Reflect  .   (helmet restricted)
rElec   .          Harm     .   (no cloak)
rCorr   .          Rampage  .   k - +2 pair of gloves
Will    .....                   (no boots)
Stlth   ..........              f - amulet of regeneration
HPRegen 0.95/turn               (no ring)
MPRegen 0.09/turn               (no ring)

@: mighty, lethally poisoned (0 -> -16)
A: horns 2, retaliatory headbutt
a: no special abilities


You were on level 4 of the Dungeon.
You visited 1 branch of the dungeon, and saw 3 of its levels.

You collected 57 gold pieces.

Inventory:

Hand Weapons
 a - a +0 long sword (weapon)
Missiles
 m - a throwing net (quivered)
Armour
 b - a +0 scale mail
 c - a +0 buckler (worn)
 k - a +2 pair of gloves (worn)
 l - a +0 chain mail (worn)
Jewellery
 f - an amulet of regeneration (around neck)
Wands
 o - a wand of polymorph (6)
Scrolls
 e - a scroll of fog {unknown}
 g - 2 scrolls of vulnerability {unknown}
 i - 2 scrolls of enchant armour {unknown}
 j - a scroll of silence {unknown}
 n - a scroll of holy word {unknown}
Potions
 h - a potion of magic {unknown}


   Skills:
 + Level 4.6 Fighting
 + Level 3.8 Long Blades
 + Level 4.4 Armour
 + Level 1.1 Dodging
 + Level 1.2 Stealth
 + Level 4.3 Shields


You had 4 spell levels left.
You didn't know any spells.
Your spell library was empty.

Dungeon Overview and Level Annotations

Branches:
Dungeon (2/15)

Altars:
Trog

Annotations:
D:4 Duvessa


Innate Abilities, Weirdness & Mutations

You have a pair of horns on your head.
You reflexively headbutt those who attack you in melee.


Message History

You slash the ogre!
You kill the ogre!
Duvessa hits you with a +2 short sword of venom.
The hobgoblin barely misses you.
Your Dodging skill increases to level 1!
Your Stealth skill increases to level 1!
You have reached level 5!
You closely miss Duvessa.
Duvessa hits you with a +2 short sword of venom.
You are poisoned.
The hobgoblin closely misses you.
Duvessa hits you with a +2 short sword of venom.
You are more poisoned.
You barely miss Duvessa. Your headbutt misses Duvessa.
You feel extremely sick. The hobgoblin barely misses you.
Duvessa hits you with a +2 short sword of venom.
You are more poisoned.
You barely miss Duvessa. You headbutt Duvessa!
Duvessa is moderately wounded.
You feel extremely sick.
The hobgoblin hits you but does no damage.
Duvessa hits you but does no damage.
You are more poisoned.
You closely miss Duvessa. Your headbutt misses Duvessa.
Duvessa is moderately wounded.
You feel extremely sick. You block the hobgoblin's attack.
Duvessa hits you but does no damage.
You are lethally poisoned!
The hobgoblin hits you but does no damage.
You hit Duvessa but do no damage.
Duvessa is moderately wounded.
* * * LOW HITPOINT WARNING * * *
You feel extremely sick. Duvessa hits you but does no damage.
The hobgoblin completely misses you.
Duvessa hits you with a +2 short sword of venom.
* * * LOW HITPOINT WARNING * * *
You closely miss Duvessa.
Duvessa is moderately wounded.
You die...

#. # #+##..
#.##....# ####### ##
...... ......#
...##.... ......#
........#### ....!.#
# #.......###......#
#.#.#...#.e@g......#
#...#._.#####......#
###?......# ......#
....###...# ......#
##..####.### ......#
#..........##
##.####
............## .#
.............# .#
.............#


You could see Duvessa and a hobgoblin.

Vanquished Creatures
  An ogre (D:4)
  An adder (D:2)
  A gnoll (D:2)
  A worm (D:2)
  2 dart slugs
  8 ball pythons
  4 endoplasms
  2 giant cockroaches
  4 goblins
  4 hobgoblins (D:1)
  3 jackals (D:1)
  2 quokkas
  5 bats
  A frilled lizard (D:1)
  4 kobolds
  5 rats
48 creatures vanquished.

Notes
Turn   | Place    | Note
-------+----------+-------------------------------------------
     0 | D:1      | Peloso the Minotaur Fighter began the quest for the Orb.
     0 | D:1      | Reached XP level 1. HP: 19/19 MP: 0/0
   198 | D:1      | Reached XP level 2. HP: 27/27 MP: 1/1
   481 | D:1      | Reached XP level 3. HP: 33/33 MP: 2/2
   954 | D:2      | Found a faded altar of an unknown god.
  1101 | D:2      | Reached XP level 4. HP: 41/41 MP: 3/3
  1161 | D:2      | You fall into a shaft and drop 2 floors!
  1161 | D:4      | Found a bloodstained altar of Trog.
  1170 | D:4      | Noticed Duvessa
  1174 | D:4      | Noticed an ogre
  1181 | D:4      | Killed an ogre
  1182 | D:4      | Reached skill level 1 in Dodging
  1182 | D:4      | Reached skill level 1 in Stealth
  1182 | D:4      | Reached XP level 5. HP: 45/47 MP: 4/4
  1187 | D:4      | Succumbed to Duvessa's poison

Illustrated notes

Levels and vault maps discovered:
D:1:      sevenhm_arrival_forest_fort_large_4, layout_loops_ring
D:2:      minmay_recursive_quarters, layout_basic,
          shapermc_ecumenical_altar_acropolis, minmay_pentomino_u2
D:4:      layout_rooms, bloody_trog, dk_noncrumbling_4, uniq_duvessa,
          uniq_natasha

Skill      XL: |  1  2  3  4 |
---------------+-------------+-----
Fighting       | 4 |  4.6
Shields        | 4 |  4.3
Armour         | 4 |  4.4
Long Blades    | 3 |  3.8
Dodging        | 1 |  1.1
Stealth        | 1 |  1.2

Action                   |  1- 3 |  4- 6 || total
-------------------------+-------+-------++-------
Melee: Long sword        |    86 |    16 ||   102
       Headbutt          |    14 |     3 ||    17
  Use: Potion            |       |     1 ||     1
Armor: Scale mail        |    55 |       ||    55
       Chain mail        |     1 |     8 ||     9
Dodge: Dodged            |    48 |     9 ||    57
Block: Buckler           |    26 |     4 ||    30
